 Dungeon Crawl Stone Soup version 0.23.2-1-ga50397a (webtiles) character file.

Game seed: 8407348444311028249

42410 keltmir the Thaumaturge (level 14, 0/110 HPs)
             Began as a Gnoll Skald on May 13, 2019.
             Was the Champion of Okawaru.
             Slain by a spiny frog (4 damage)
             ... on level 6 of the Lair of Beasts.
             The game lasted 01:34:46 (20958 turns).

keltmir the Thaumaturge (Gnoll Skald)              Turns: 20958, Time: 01:34:46

Health: 0/110      AC: 20    Str: 17    XL:     14   Next: 19%
Magic:  28/28      EV: 29    Int: 20    God:    Okawaru [******]
Gold:   1241       SH:  0    Dex: 24    Spells: 19/33 levels left

rFire    x . .     SeeInvis .   w - +9 lajatang of the Hall of Blades {speed, rF- Int+4 Dex+4}
rCold    + . .     Gourm    .   (shield currently unavailable)
rNeg     . . .     Faith    .   U - +2 chain mail {rC+}
rPois    .         Spirit   .   P - +1 helmet
rElec    .         Reflect  .   v - +0 cloak
rCorr    .         Harm     .   z - +2 pair of gloves
MR       +....                  (no boots)
Stlth    ++........             N - amulet of the acrobat
HPRegen  0.28/turn              B - +4 ring of dexterity
MPRegen  0.21/turn              b - ring of wizardry

@: lethally poisoned (0 -> -1), acrobat
A: distributed training, fangs 1, strong nose
a: Heroism, Finesse, Renounce Religion


You were on level 6 of the Lair of Beasts.
You worshipped Okawaru.
Okawaru was exalted by your worship.
You were very hungry.

You visited 2 branches of the dungeon, and saw 17 of its levels.

You collected 1241 gold pieces.

Inventory:

Hand Weapons
 r - a +1 demon trident of electrocution
 w - the +9 lajatang of the Hall of Blades (weapon) {speed, rF- Int+4 Dex+4}
   (You found it on level 6 of the Lair of Beasts)

   Attacks with this weapon are significantly faster.
   It affects your intelligence (+4).
   It affects your dexterity (+4).
   It makes you vulnerable to fire.
 y - a +2 fustibalus of flaming
 Z - the +6 morningstar "keltmir's Foe" {freeze, Str-2 Int+2 Dex+9}
   (You found it on level 5 of the Lair of Beasts)

   It has been specially enchanted to freeze those struck by it, causing extra
   injury to most foes and up to half again as much damage against particularly
   susceptible opponents.
   It can also slow down cold-blooded creatures.
   It affects your strength (-2).
   It affects your intelligence (+2).
   It affects your dexterity (+9).
Missiles
 Q - 24 javelins (quivered)
Armour
 v - a +0 cloak (worn)
 z - a +2 pair of gloves (worn)
 P - a +1 helmet (worn)
 U - a +2 chain mail of cold resistance (worn)
Jewellery
 b - a ring of wizardry (right hand)
 e - an uncursed ring of wizardry
 B - a +4 ring of dexterity (left hand)
 N - an amulet of the acrobat (around neck)
Wands
 a - a wand of flame (26)
 j - a wand of paralysis (12)
 u - a wand of iceblast (13)
 E - a wand of disintegration (15)
 V - a wand of digging (7)
 X - a wand of scattershot (4)
 Y - a wand of random effects (23)
Scrolls
 c - 10 scrolls of remove curse
 m - 5 scrolls of teleportation
 p - 7 scrolls of magic mapping
 q - 3 scrolls of fog
 s - 3 scrolls of enchant weapon
 t - 4 scrolls of amnesia
 x - 3 scrolls of enchant armour
 D - a scroll of immolation {unknown}
 G - a scroll of acquirement {unknown}
 H - a scroll of silence {unknown}
 I - a scroll of fear {unknown}
 J - a scroll of brand weapon {unknown}
 M - a scroll of torment {unknown}
 R - a scroll of vulnerability {unknown}
 S - 2 scrolls of blinking
 T - a scroll of noise {unknown}
Potions
 f - 7 potions of curing
 h - 3 potions of heal wounds
 i - 3 potions of flight
 k - a potion of brilliance
 l - a potion of might
 n - a potion of cancellation
 o - 2 potions of berserk rage
 A - 3 potions of agility
 K - a potion of lignification
 L - 5 potions of invisibility
Miscellaneous
 O - a fan of gales
Comestibles
 d - 40 rations


   Skills:
 + Level 10.0 Fighting
 + Level 8.9 Short Blades
 + Level 8.9 Long Blades
 + Level 8.9 Axes
 + Level 10.0 Maces & Flails
 + Level 8.9 Polearms
 + Level 8.9 Staves
 + Level 8.9 Slings
 + Level 8.9 Bows
 + Level 8.9 Crossbows
 + Level 8.9 Throwing
 + Level 9.2 Armour
 + Level 10.0 Dodging
 + Level 8.9 Stealth
 + Level 8.9 Shields
 + Level 8.9 Unarmed Combat
 + Level 10.1 Spellcasting
 + Level 7.4 Conjurations
 + Level 7.4 Hexes
 + Level 9.2 Charms
 + Level 7.4 Summonings
 + Level 7.4 Necromancy
 + Level 7.4 Translocations
 + Level 7.4 Transmutations
 + Level 7.4 Fire Magic
 + Level 7.4 Ice Magic
 + Level 7.4 Air Magic
 + Level 7.4 Earth Magic
 + Level 7.4 Poison Magic
 + Level 9.6 Invocations
 + Level 8.9 Evocations


You had 19 spell levels left.
You knew the following spells:

 Your Spells              Type           Power        Failure   Level  Hunger
a - Infusion              Chrm           ####         1%          1    None
b - Spectral Weapon       Hex/Chrm       #####...     2%          3    None
c - Summon Guardian Gole  Hex/Summ       #####...     4%          3    None
d - Regeneration          Chrm/Necr      #####.....   2%          3    None
e - Summon Ice Beast      Ice/Summ       #####...     13%         4    ##.....

Your spell library contained the following spells:

 Spells                   Type           Power        Failure   Level  Hunger
 Animate Skeleton         Necr           N/A          1%          1    None
 Apportation              Tloc           #####.       1%          1    None
 Confusing Touch          Hex            #####.       1%          1    None
 Flame Tongue             Conj/Fire      #####        1%          1    None
 Pain                     Necr           ####         1%          1    None
 Sting                    Conj/Pois      ####         1%          1    None
 Summon Small Mammal      Summ           ####         1%          1    None
 Call Imp                 Summ           #####...     1%          2    None
 Poisonous Vapours        Pois/Air       #####.       1%          2    None
 Shroud of Golubria       Chrm/Tloc      #####.....   1%          2    None
 Song of Slaying          Chrm           #####...     1%          2    None
 Throw Flame              Conj/Fire      #####.       1%          2    None
 Call Canine Familiar     Summ           #####...     4%          3    None
 Conjure Flame            Conj/Fire      #####...     4%          3    None
 Inner Flame              Hex/Fire       #####...     4%          3    None
 Mephitic Cloud           Conj/Pois/Air  #####...     4%          3    None
 Vampiric Draining        Necr           #####.....   4%          3    None
 Animate Dead             Necr           N/A          13%         4    ##.....
 Leda's Liquefaction      Hex/Erth       #####.....   13%         4    ##.....
 Olgreb's Toxic Radiance  Pois           #####...     13%         4    ##.....
 Sticky Flame             Conj/Fire      #####...     13%         4    ##.....
 Summon Lightning Spire   Summ/Air       #####...     13%         4    ##.....
 Bolt of Magma            Conj/Fire/Erth #####.....   34%         5    ####...
 Fireball                 Conj/Fire      #####.....   34%         5    ####...
 Venom Bolt               Conj/Pois      #####.....   34%         5    ####...
 Iron Shot                Conj/Erth      #####.....   87%         6    ######.
 Statue Form              Tmut/Erth      #####....    87%         6    ######.
 Shatter                  Erth           #####.....   100%        9    #######


Dungeon Overview and Level Annotations

Branches:
Dungeon (11/15)            Temple (0/1) D:4            Lair (6/6) D:9
  Swamp (0/4) Lair:4        Snake (0/4) Lair:3        Slime (0/5) Lair:5
    Orc: D:9-12

Altars:
Cheibriados
Gozag
Hepliaklqana
Kikubaaqudgha
Makhleb
Nemelex Xobeh
Okawaru
Trog
Vehumet
Wu Jian
Yredelemnul
The Shining One

Annotations:
D:4 Edmund
Lair:1 3 runed translucent doors, Goblin1989's ghost, novice GnMo
Lair:3 2 transporters, exclusion: oklob plant, Raczehui's ghost, journeyman MiFi


Innate Abilities, Weirdness & Mutations

Your experience applies equally to all skills.
You have very sharp teeth.
Your uncanny sense of smell can sniff out nearby items.


Message History

You feel sick.
You feel sick.
The black mamba bites you but does no damage.
You feel sick. The black mamba completely misses you.
The black mamba misses you.
You feel sick. The black mamba misses you.
Your skin stops crawling.
You feel sick. The black mamba closely misses you.
You feel sick. The black mamba misses you.
The spiny frog completely misses you. The black mamba closely misses you.
The black mamba bites you.
* * * LOW HITPOINT WARNING * * *
You feel sick. The black mamba completely misses you.
You feel sick. The black mamba bites you.
* * * LOW HITPOINT WARNING * * *
The spiny frog stings you.
You die...

##....#....##..................#.
#....#.###.###..................#
.#...P.####.....................#
#................................
##...............................
#...P..###........##P......P..#..
#.....#..#....##..##.........#..#
#P...............F...............
................@S..YH...........
#P........#...#####.#.P[.####....
..)...P.#.P......###..##...##...#
##...............................
#...........................).##.
......P#.#....................##.
#....P####..................^.#..
#....######..................##..
#P...##..##.................. #..


You could see a death yak, a manticore, a black mamba and a spiny frog.

Vanquished Creatures
  2 hydras
  A catoblepas (Lair:6)
  3 two-headed ogres (D:9)
  10 death yaks
  A tengu warrior (D:9)
  A manticore (Lair:6)
  A deep elf mage (D:8)
  2 elephants (Lair:6)
  A torpor snail (Lair:3)
  5 black mambas
  12 spiny frogs
  An eye of devastation (Lair:5)
  A rime drake (Lair:1)
  4 komodo dragons
  4 trolls
  4 polar bears
  A hornet (Lair:2)
  Grinder (D:5)
  Prince Ribbit (D:9)
  16 blink frogs
  9 hippogriffs
  3 dream sheep (Lair:6)
  A spriggan (Lair:2)
  A wyvern (D:8)
  17 yaks
  A basilisk (Lair:3)
  3 humans
  A hungry ghost (D:9)
  4 hogs (D:7)
  2 nagas (Lair:3)
  18 water moccasins
  A soldier ant (D:10)
  2 porcupines (Lair:1)
  4 ice beasts
  6 black bears
  2 sky beasts
  4 ogres
  2 orc warriors
  21 wolves
  An eye of draining (Lair:5)
  A phantom (D:8)
  16 crocodiles
  12 bullfrogs
  2 gnoll sergeants (D:9)
  4 scorpions
  A killer bee (D:9)
  4 wights
  2 howler monkeys
  5 crimson imps
  A quasit (D:8)
  A bullfrog zombie (D:10)
  4 centaur zombies
  3 hounds
  2 jellies
  An orc priest (D:3)
  Crazy Yiuf (D:5)
  A bullfrog skeleton (D:5)
  An iguana (D:10)
  An orc wizard (D:9)
  Ijyb (D:5)
  7 hell rats
  5 worker ants
  4 hound zombies
  A hound skeleton (D:6)
  A worker ant zombie (D:9)
  13 adders
  4 shadow imps
  2 adder skeletons
  2 worms (D:2)
  3 dart slugs
  3 leopard geckos
  33 orcs
  2 ball pythons (D:3)
  5 giant cockroaches
  8 goblins
  3 hobgoblins
  9 jackals
  7 quokkas
  5 bats
  3 frilled lizards
  A jackal zombie (D:6)
  6 kobolds
  A leopard gecko skeleton (D:5)
  5 rats
372 creatures vanquished.

Vanquished Creatures (collateral kills)
  A hydra (Lair:6)
  Harold (D:9)
  Urug (Lair:3)
  A komodo dragon (Lair:1)
  A polar bear (Lair:1)
  3 blink frogs (Lair:3)
  A wyvern (D:9)
  A basilisk (Lair:2)
  A porcupine (Lair:4)
  5 wolves (Lair:2)
  A crocodile (Lair:6)
17 creatures vanquished.

Vanquished Creatures (others)
  A naga (Lair:3)
  3 fungi
  7 plants
  20 spectral weapons
31 creatures vanquished.

Grand Total: 420 creatures vanquished

Notes
Turn   | Place    | Note
-------+----------+-------------------------------------------
     0 | D:1      | keltmir the Gnoll Skald began the quest for the Orb.
     0 | D:1      | Reached XP level 1. HP: 20/20 MP: 6/6
    96 | D:1      | Reached XP level 2. HP: 23/26 MP: 2/7
   932 | D:2      | Reached XP level 3. HP: 21/31 MP: 3/9
   986 | D:2      | Learned a level 3 spell: Spectral Weapon
  1079 | D:2      | Reached skill level 5 in Spellcasting
  1344 | D:2      | Reached skill level 1 in Invocations
  1493 | D:2      | Reached skill level 1 in Short Blades
  1493 | D:2      | Reached skill level 1 in Long Blades
  1493 | D:2      | Reached skill level 1 in Axes
  1493 | D:2      | Reached skill level 1 in Polearms
  1493 | D:2      | Reached skill level 1 in Staves
  1493 | D:2      | Reached skill level 1 in Slings
  1493 | D:2      | Reached skill level 1 in Bows
  1493 | D:2      | Reached skill level 1 in Crossbows
  1493 | D:2      | Reached skill level 1 in Throwing
  1493 | D:2      | Reached skill level 1 in Stealth
  1493 | D:2      | Reached skill level 1 in Shields
  1493 | D:2      | Reached skill level 1 in Unarmed Combat
  1493 | D:2      | Reached skill level 1 in Evocations
  1915 | D:3      | Reached XP level 4. HP: 38/38 MP: 11/11
  1976 | D:3      | Found a snail-covered altar of Cheibriados.
  2163 | D:3      | Found an iron altar of Okawaru.
  2164 | D:3      | Found an ancient bone altar of Kikubaaqudgha.
  2375 | D:3      | Became a worshipper of Warmaster Okawaru
  2503 | D:3      | Reached skill level 1 in Conjurations
  2503 | D:3      | Reached skill level 1 in Hexes
  2503 | D:3      | Reached skill level 1 in Summonings
  2503 | D:3      | Reached skill level 1 in Necromancy
  2503 | D:3      | Reached skill level 1 in Translocations
  2503 | D:3      | Reached skill level 1 in Transmutations
  2503 | D:3      | Reached skill level 1 in Fire Magic
  2503 | D:3      | Reached skill level 1 in Ice Magic
  2503 | D:3      | Reached skill level 1 in Air Magic
  2503 | D:3      | Reached skill level 1 in Earth Magic
  2503 | D:3      | Reached skill level 1 in Poison Magic
  2764 | D:3      | Reached XP level 5. HP: 28/43 MP: 7/12
  2973 | D:3      | You fall through a shaft for 2 floors!
  2973 | D:5      | Entered Level 5 of the Dungeon
  3074 | D:4      | Found a staircase to the Ecumenical Temple.
  3090 | D:4      | Noticed an ogre
  3138 | D:5      | Noticed Ijyb
  3150 | D:5      | Killed Ijyb
  3150 | D:5      | Reached XP level 6. HP: 43/50 MP: 10/13
  3309 | D:3      | Found a sparkling altar of Nemelex Xobeh.
  3816 | D:4      | Noticed Edmund
  4084 | D:4      | Noticed a black bear
  4098 | D:3      | Killed a black bear
  4098 | D:3      | Reached skill level 5 in Fighting
  4098 | D:3      | Reached skill level 5 in Maces & Flails
  4098 | D:3      | Reached skill level 5 in Dodging
  4232 | D:4      | Reached * piety under Okawaru
  4232 | D:4      | Reached XP level 7. HP: 27/56 MP: 7/15
  4774 | D:4      | Found a glowing golden altar of the Shining One.
  4816 | D:5      | Noticed Grinder
  5156 | D:5      | Found a runed translucent door.
  5157 | D:5      | Noticed Crazy Yiuf
  5166 | D:5      | Killed Crazy Yiuf
  5172 | D:5      | Got a slimy mace
  5173 | D:5      | Identified the +0 mace "Jaceod" {freeze, *Corrode *Slow
                  | +Fly Int+6} (You found it on level 5 of the Dungeon)
  5495 | D:5      | Killed Grinder
  5495 | D:5      | Reached ** piety under Okawaru
  5495 | D:5      | Reached XP level 8. HP: 37/63 MP: 7/16
  5650 | D:6      | Found a radiant altar of Vehumet.
  6305 | D:6      | Learned a level 3 spell: Summon Guardian Golem
  6505 | D:7      | Reached *** piety under Okawaru
  6547 | D:7      | Reached XP level 9. HP: 37/69 MP: 13/18
  7295 | D:7      | Found a bloodstained altar of Trog.
  7562 | D:8      | Reached **** piety under Okawaru
  7562 | D:8      | Reached skill level 5 in Armour
  7632 | D:8      | Received a gift from Okawaru
  7652 | D:8      | Found a hazy altar of Hepliaklqana.
  7652 | D:8      | Found a burning altar of Makhleb.
  7654 | D:8      | Found a basalt altar of Yredelemnul.
  7874 | D:8      | Found an opulent altar of Gozag.
  7892 | D:8      | Reached skill level 5 in Invocations
  8154 | D:8      | Found an iron altar of Okawaru.
  8179 | D:8      | Reached XP level 10. HP: 74/77 MP: 20/20
  8304 | D:9      | Received a gift from Okawaru
  8314 | D:9      | Noticed a two-headed ogre
  8628 | D:9      | Noticed a deep elf mage
  8628 | D:9      | Noticed a tengu warrior
  8816 | D:8      | Killed a deep elf mage
  8816 | D:8      | Reached ***** piety under Okawaru
  8816 | D:8      | Reached skill level 5 in Short Blades
  8816 | D:8      | Reached skill level 5 in Long Blades
  8816 | D:8      | Reached skill level 5 in Axes
  8816 | D:8      | Reached skill level 5 in Polearms
  8816 | D:8      | Reached skill level 5 in Staves
  8816 | D:8      | Reached skill level 5 in Slings
  8816 | D:8      | Reached skill level 5 in Bows
  8816 | D:8      | Reached skill level 5 in Crossbows
  8816 | D:8      | Reached skill level 5 in Throwing
  8816 | D:8      | Reached skill level 5 in Stealth
  8816 | D:8      | Reached skill level 5 in Shields
  8816 | D:8      | Reached skill level 5 in Unarmed Combat
  8816 | D:8      | Reached skill level 5 in Evocations
  8957 | D:8      | HP: 3/77 [troll (4)]
  8957 | D:8      | HP: 1/77 [troll (2)]
  9266 | D:9      | Received a gift from Okawaru
  9408 | D:9      | Killed a two-headed ogre
  9512 | D:9      | Noticed Prince Ribbit
  9527 | D:9      | Killed Prince Ribbit
  9967 | D:9      | Killed a tengu warrior
  9967 | D:9      | Received a gift from Okawaru
  9967 | D:9      | Reached XP level 11. HP: 18/84 MP: 14/22
 10125 | D:9      | Found an ornate altar of the Wu Jian Council.
 10236 | D:9      | Found a staircase to the Lair.
 10274 | D:9      | Noticed a two-headed ogre
 10304 | D:9      | Killed a two-headed ogre
 10488 | D:10     | Entered Level 10 of the Dungeon
 10494 | D:10     | Noticed a two-headed ogre
 10511 | D:9      | Killed a two-headed ogre
 10511 | D:9      | Reached skill level 5 in Conjurations
 10511 | D:9      | Reached skill level 5 in Hexes
 10511 | D:9      | Reached skill level 5 in Summonings
 10511 | D:9      | Reached skill level 5 in Necromancy
 10511 | D:9      | Reached skill level 5 in Translocations
 10511 | D:9      | Reached skill level 5 in Transmutations
 10511 | D:9      | Reached skill level 5 in Fire Magic
 10511 | D:9      | Reached skill level 5 in Ice Magic
 10511 | D:9      | Reached skill level 5 in Air Magic
 10511 | D:9      | Reached skill level 5 in Earth Magic
 10511 | D:9      | Reached skill level 5 in Poison Magic
 11190 | D:10     | Reached ****** piety under Okawaru
 11294 | D:10     | Learned a level 3 spell: Regeneration
 11300 | D:10     | Learned a level 4 spell: Summon Ice Beast
 11310 | D:10     | Noticed a cyclops
 11398 | D:10     | Got a pitted dagger
 11443 | D:11     | Noticed a manticore
 11513 | Lair:1   | Entered Level 1 of the Lair of Beasts
 11513 | Lair:1   | Noticed Harold
 11686 | D:9      | Killed Harold
 11686 | D:9      | Received a gift from Okawaru
 11785 | Lair:1   | Got a bloodstained flail
 11786 | Lair:1   | Identified the +3 flail of Equilibrium {flame, rC+ Int+3
                  | Stlth+} (You found it on level 1 of the Lair of Beasts)
 11787 | Lair:1   | Identified the +6 dagger of Dofiocoa {speed, rC- MR+ Int+2
                  | Dex+2} (You found it on level 10 of the Dungeon)
 11912 | Lair:1   | Noticed Goblin1989's ghost (novice GnMo)
 11957 | Lair:1   | Received a gift from Okawaru
 12295 | Lair:1   | Reached XP level 12. HP: 42/93 MP: 20/24
 12451 | Lair:1   | Found a runed translucent gate.
 12454 | Lair:1   | Found a runed translucent gate.
 12455 | Lair:1   | Found a runed translucent gate.
 12457 | Lair:1   | Noticed a four-headed hydra
 13308 | Lair:1   | Received a gift from Okawaru
 13519 | Lair:2   | Noticed a spriggan rider
 14576 | Lair:3   | Noticed a death yak
 14579 | Lair:3   | Noticed a death yak
 14926 | Lair:3   | Noticed Urug
 14948 | Lair:3   | Killed Urug
 14948 | Lair:3   | Received a gift from Okawaru
 15284 | Lair:3   | Noticed a death yak
 15284 | Lair:3   | Noticed Raczehui's ghost (journeyman MiFi)
 15657 | Lair:3   | Noticed a death yak
 15658 | Lair:3   | Noticed a death yak
 15660 | Lair:3   | Found a staircase to the Snake Pit.
 15753 | Lair:3   | Found a transporter.
 15756 | Lair:3   | Found a transporter.
 15782 | Lair:3   | Reached XP level 13. HP: 96/101 MP: 26/26
 16943 | Lair:4   | Found a staircase to the Swamp.
 18284 | Lair:4   | Received a gift from Okawaru
 18829 | Lair:4   | Received a gift from Okawaru
 18947 | Lair:5   | Found a staircase to the Slime Pits.
 18987 | Lair:5   | Got an iridescent morningstar
 19044 | Lair:5   | Identified the +6 morningstar "keltmir's Foe" {freeze,
                  | Str-2 Int+2 Dex+9} (You found it on level 5 of the Lair of
                  | Beasts)
 19552 | Lair:6   | Entered Level 6 of the Lair of Beasts
 19983 | Lair:6   | Received a gift from Okawaru
 20218 | Lair:6   | Got an encrusted lajatang
 20224 | Lair:6   | Identified the +9 lajatang of the Hall of Blades {speed,
                  | rF- Int+4 Dex+4} (You found it on level 6 of the Lair of
                  | Beasts)
 20318 | Lair:6   | Reached skill level 10 in Spellcasting
 20410 | Lair:6   | Reached XP level 14. HP: 104/109 MP: 28/28
 20721 | Lair:6   | Found the +3 robe of Clouds {+Thunder rCloud rElec}
 20722 | Lair:6   | Reached skill level 10 in Fighting
 20722 | Lair:6   | Reached skill level 10 in Maces & Flails
 20722 | Lair:6   | Reached skill level 10 in Dodging
 20958 | Lair:6   | HP: 4/110 [black mamba (6)]
 20958 | Lair:6   | Slain by a spiny frog

Skill      XL: |  1  2  3  4  5  6  7  8  9 10 11 12 13 14 |
---------------+-------------------------------------------+-----
Spellcasting   | 5 6 7 8 9 10 | 10.1
Invocations    | 1 2 3 4 5 6 7 8 9 |  9.6
Short Blades   | 1 2 3 4 5 6 7 8 |  8.9
Long Blades    | 1 2 3 4 5 6 7 8 |  8.9
Axes           | 1 2 3 4 5 6 7 8 |  8.9
Polearms       | 1 2 3 4 5 6 7 8 |  8.9
Staves         | 1 2 3 4 5 6 7 8 |  8.9
Slings         | 1 2 3 4 5 6 7 8 |  8.9
Bows           | 1 2 3 4 5 6 7 8 |  8.9
Crossbows      | 1 2 3 4 5 6 7 8 |  8.9
Throwing       | 1 2 3 4 5 6 7 8 |  8.9
Stealth        | 1 2 3 4 5 6 7 8 |  8.9
Shields        | 1 2 3 4 5 6 7 8 |  8.9
Unarmed Combat | 1 2 3 4 5 6 7 8 |  8.9
Evocations     | 1 2 3 4 5 6 7 8 |  8.9
Conjurations   | 1 2 3 4 5 6 7 |  7.4
Hexes          | 1 2 3 4 5 6 7 |  7.4
Summonings     | 1 2 3 4 5 6 7 |  7.4
Necromancy     | 1 2 3 4 5 6 7 |  7.4
Translocations | 1 2 3 4 5 6 7 |  7.4
Transmutations | 1 2 3 4 5 6 7 |  7.4
Fire Magic     | 1 2 3 4 5 6 7 |  7.4
Ice Magic      | 1 2 3 4 5 6 7 |  7.4
Air Magic      | 1 2 3 4 5 6 7 |  7.4
Earth Magic    | 1 2 3 4 5 6 7 |  7.4
Poison Magic   | 1 2 3 4 5 6 7 |  7.4
Armour         | 3 4 5 6 7 8 9 |  9.2
Fighting       | 5 6 7 8 9 10 | 10.0
Maces & Flails | 5 6 7 8 9 10 | 10.0
Dodging        | 5 6 7 8 9 10 | 10.0
Charms         | 6 7 8 9 |  9.2

Action                   |  1- 3 |  4- 6 |  7- 9 | 10-12 | 13-15 || total
-------------------------+-------+-------+-------+-------+-------++-------
Melee: Mace              |    87 |   111 |   239 |   149 |       ||   586
       Bite              |     8 |    11 |    33 |    98 |    50 ||   200
       Whip              |       |    37 |    46 |       |       ||    83
       Punch             |       |       |     3 |       |       ||     3
       Flail             |       |       |       |   421 |       ||   421
       Demon trident     |       |       |       |    60 |   171 ||   231
       Morningstar       |       |       |       |       |    52 ||    52
       Lajatang          |       |       |       |       |    61 ||    61
Throw: Stone             |       |       |     6 |       |       ||     6
       Tomahawk          |       |       |       |    37 |       ||    37
       Javelin           |       |       |       |    10 |    13 ||    23
 Cast: Infusion          |     5 |     7 |     9 |    10 |     3 ||    34
       Spectral Weapon   |     1 |    13 |    22 |    58 |    34 ||   128
       Summon Guardian G |       |       |     7 |    24 |     1 ||    32
       Summon Ice Beast  |       |       |       |    29 |    17 ||    46
       Regeneration      |       |       |       |     3 |    10 ||    13
Invok: Finesse           |       |       |       |     1 |       ||     1
  Use: Scroll            |       |     7 |     2 |    10 |     4 ||    23
       Potion            |       |       |       |     1 |       ||     1
 Stab: Sleeping          |     3 |     3 |     4 |     6 |     1 ||    17
       Distracted        |       |     2 |     2 |     8 |     5 ||    17
  Eat: Chunk             |     2 |     8 |    11 |    24 |    14 ||    59
       Ration            |       |       |     1 |     2 |     1 ||     4
Armor: Leather armour    |    24 |    23 |       |       |       ||    47
       Ring mail         |       |    10 |    99 |    41 |       ||   150
       Troll leather arm |       |       |       |   157 |       ||   157
       Chain mail        |       |       |       |    35 |   105 ||   140
Dodge: Dodged            |    83 |   113 |   216 |   587 |   240 ||  1239
Block: Buckler           |       |       |    39 |   261 |    74 ||   374
